 Dungeon Crawl Stone Soup version 0.30-b1-2-g02819fbbbe (webtiles) character file.

Game seed: 10103817036459107958

50 LLlMATKO the Chopper (level 3, -1/33 HPs)
             Began as a Minotaur Berserker on May 17, 2023.
             Was a Believer of Trog.
             Slain by Sigmund
             ... wielding a +0 scythe
              (3 damage)
             ... on level 2 of the Dungeon.
             The game lasted 00:00:51 (924 turns).

LLlMATKO the Chopper (Minotaur Berserker)            Turns: 924, Time: 00:00:52

Health: -1/33      AC:  5    Str: 23    XL:     3   Next: 55%
Magic:  2/2        EV: 11    Int:  4    God:    Trog [**....]
Gold:   56         SH:  0    Dex:  9    Spells: 2/2 levels left

rFire   . . .        a - +0 hand axe
rCold   . . .        (no shield)
rNeg    . . .        d - +0 ring mail
rPois   .            (helmet restricted)
rElec   .            (no cloak)
rCorr   +            (no gloves)
SInv    .            (no boots)
Will    .....        (no amulet) Stlth
                     e - ring of resist corrosion
HPRegen 0.25/turn    (no ring)
MPRegen 0.08/turn

%: no passive effects
@: confused, on berserk cooldown, slowed, very slow
A: horns 2, retaliatory headbutt
a: Renounce Religion, Berserk, Trog's Hand


You were on level 2 of the Dungeon.
You worshipped Trog.
Trog was pleased with you.
You visited 1 branch of the dungeon, and saw 2 of its levels.

You collected 56 gold pieces.

Inventory:

Hand Weapons
 a - a +0 hand axe (weapon)
Armour
 d - a +0 ring mail (worn)
Jewellery
 e - a ring of resist corrosion (left hand)
Scrolls
 b - 2 scrolls of identify {unknown}
 g - a scroll of immolation {unknown}
Potions
 c - a potion of attraction {unknown}
 f - a potion of brilliance {unknown}


   Skills:
 + Level 4.1 Fighting
 + Level 4.2 Axes
 + Level 3.1 Armour
 + Level 2.9 Dodging


You had 2 spell levels left.
You didn't know any spells.
Your spell library was empty.

Dungeon Overview and Level Annotations

Branches:
Dungeon (2/15)

Altars:

Annotations:
D:2 Sigmund


Innate Abilities, Weirdness & Mutations

You have a pair of horns on your head.
You reflexively headbutt those who attack you in melee.


Message History

You closely miss the jackal. The jackal closely misses you.
You slash the jackal!
You kill the jackal!
Trog accepts your kill.
Unknown command.
The goblin no longer looks unusually strong.
The goblin barely misses you. You furiously retaliate!
You headbutt the goblin!
You kill the goblin!
Trog accepts your kill.
You hear some strange, mumbled words.
You are confused.
Items here: ) [[ ††.
You are too confused!
You are too confused!
You feel a strong urge to attack something.
Something hits you!
Things that are here:
a +0 club; a goblin corpse You see here a +0 dagger of venom.
You're too confused to move!
You feel your anger nearly subside.
You are no longer berserk.
You are exhausted.
You feel yourself slow down. Something hits you but does no damage.
Things that are here:
a +0 club; a goblin corpse You barely miss something.
You feel less confused. Something hits you but does no damage.
Something hits you.
You closely miss something.
You hear some strange, mumbled words.
You are confused.
You completely miss something. Your punch misses something. Something hits you.
You miss something. Your punch misses something.
You hear some strange, mumbled words.
A magic dart appears from out of thin air!
The magic dart hits you!
* * * LOW HITPOINT WARNING * * *
Something hits you.
You die...

#...#...#####
.#####.#####.....#
............(###.#
...........###
.######....#
#.#######..##
#..........#
#########)##
......){@)#
...########


There were no monsters in sight!

Vanquished Creatures
  Robin (D:2)
  A dart slug (D:1)
  2 ball pythons (D:1)
  An endoplasm (D:1)
  2 giant cockroaches (D:1)
  6 hobgoblins
  7 jackals
  2 kobolds (D:1)
  2 quokkas (D:1)
  A bat (D:1)
  5 goblins
  2 rats (D:1)
32 creatures vanquished.

Notes
Turn   | Place    | Note
-------+----------+-------------------------------------------
     0 | D:1      | LLlMATKO the Minotaur Berserker began the quest for the
                  | Orb.
     0 | D:1      | Reached XP level 1. HP: 19/19 MP: 0/0
   123 | D:1      | Reached XP level 2. HP: 27/27 MP: 1/1
   896 | D:2      | Noticed Robin
   897 | D:2      | Reached ** piety under Trog
   898 | D:2      | Reached XP level 3. HP: 32/33 MP: 2/2
   900 | D:2      | Noticed Sigmund
   910 | D:2      | Killed Robin
   924 | D:2      | Slain by Sigmund

Illustrated notes

Levels and vault maps discovered:
D:1:      tarquinn_simple_flora_water_b, layout_loops_ring,
          minmay_strange_pillars
D:2:      layout_loops_ring, serial_shops, nicolae_shop_real_fake_doors,
          uniq_robin, uniq_sigmund

Skill      XL: |  1  2 |
---------------+-------+-----
Axes           | 4 |  4.2
Fighting       | 4 |  4.1
Armour         | 3 |  3.1
Dodging        | |  2.9

Action                     || total
---------------------------++-------
  Melee: Hand axe          ||    76
         Headbutt          ||     9
 Invoke: Berserk           ||     1
 Armour: Animal skin       ||     8
         Ring mail         ||    15
  Dodge: Dodged            ||    38
